 Dungeon Crawl Stone Soup version 0.31-a0-95-g6fa058ef04 (webtiles) character file.

Game seed: 4223508017524270401

129 Edyrem the Chopper (level 5, -5/47 HPs)
             Began as a Hill Orc Monk on May 25, 2023.
             Slain by a gnoll
             ... wielding a +0 flail
             ... led by a gnoll sergeant
              (8 damage)
             ... on level 4 of the Dungeon.
             The game lasted 00:04:56 (2386 turns).

Edyrem the Chopper (Hill Orc Monk)                  Turns: 2386, Time: 00:04:56

Health: -5/47      AC:  8    Str: 14    XL:     5   Next: 12%
Magic:  5/5        EV:  7    Int: 13    God:
Gold:   181        SH:  0    Dex: 13    Spells: 4/4 levels left

rFire   . . .        b - +6 long sword of Destiny {speed, +Blink rElec Str-2 Int+3}
rCold   . . .        d - orb {light}
rNeg    . . .        s - +0 chain mail
rPois   +            (no helmet)
rElec   +            (no cloak)
rCorr   .            (no gloves)
SInv    .            (no boots)
Will    .....        (no amulet) Stlth
                     f - ring of poison resistance
HPRegen 0.27/turn    (no ring)
MPRegen 0.09/turn

%: no passive effects
@: confused, ambrosia-drunk, glowing
A: no striking features
a: Evoke Blink


You were on level 4 of the Dungeon.
You visited 1 branch of the dungeon, and saw 4 of its levels.

You collected 181 gold pieces.

Inventory:

Hand Weapons
 a - a +0 hand axe
 b - the +6 long sword of Destiny (weapon) {speed, +Blink rElec Str-2 Int+3}
   (You found it on level 2 of the Dungeon)

   Str:       It affects your strength (-2).
   Int:       It affects your intelligence (+3).
   rElec:     It insulates you from electricity.
   +Blink:    It lets you blink.
Missiles
 r - 3 poisoned darts (quivered)
Armour
 d - an orb of light (worn)
 s - a +0 chain mail (worn)
Jewellery
 f - a ring of poison resistance (left hand)
Scrolls
 h - 2 scrolls of enchant weapon {unknown}
 j - 4 scrolls of identify {unknown}
 k - 2 scrolls of teleportation {unknown}
 n - a scroll of magic mapping {unknown}
 o - a scroll of blinking {unknown}
 q - a scroll of fog {unknown}
Potions
 c - a potion of ambrosia
 e - 2 potions of magic {unknown}
 g - 4 potions of curing {unknown}
 i - 2 potions of attraction {unknown}
 l - a potion of brilliance {unknown}
 m - 2 potions of berserk rage {unknown}


   Skills:
 + Level 4.4 Fighting
 + Level 4.9 Axes
 + Level 2.0 Armour
 * Level 3.4 Dodging


You had 4 spell levels left.
You didn't know any spells.
Your spell library contained the following spells:

 Spells                   Type           Power      Damage    Failure   Level
 Sandblast                Erth           0%         2d4       99%         1
 Passwall                 Tmut/Erth      0%         N/A       100%        2
 Stone Arrow              Conj/Erth      0%         3d7       100%        3


Dungeon Overview and Level Annotations

Branches:
Dungeon (4/15)
 Temple: D:4-7

Altars:
Dithmenos
Nemelex Xobeh
Okawaru
Ru

Annotations:
D:4 1 transporter, PerfectTommy's ghost, amateur MiBr


Message History

The gnoll hits you with a +0 spear. The hound barely misses you.
The gnoll hits you from afar with a +0 spear.
The hound attacks as you move away! The hound bites you but does no damage.
The hound closely misses you. The hound bites you but does no damage.
The hound attacks as you move away! The hound bites you.
A kobold comes into view. It is wielding a +0 short sword.
The kobold shouts!
You hear a shout!
An ogre comes into view. It is wielding a +0 giant club.
The hound attacks as you move away! The hound bites you.
The hound bites you but does no damage. The hound attacks as you move away!
The hound bites you.
An orc comes into view. It is wielding a +4 whip.
The orc shouts!
The hound bites you but does no damage. The kobold hits you but does no damage.
You slash the kobold!
You kill the kobold!
The hound bites you but does no damage.
The ogre hits you with a +0 giant club!!
* * * LOW HITPOINT WARNING * * *
The hound attacks as you move away!
The hound bites you but does no damage. x2
The ogre attacks as you move away! The ogre closely misses you.
The gnoll attacks as you move away! The gnoll hits you but does no damage.
The hound attacks as you move away! The hound bites you but does no damage.
The hound bites you but does no damage. The orc hits you with a +4 whip.
* * * LOW HITPOINT WARNING * * *
The orc attacks as you move away! The orc barely misses you.
The hound attacks as you move away! The hound bites you but does no damage.
The orc attacks as you move away! The orc hits you but does no damage.
The hound attacks as you move away! The hound bites you.
* * * LOW HITPOINT WARNING * * *
The hound barely misses you.
You are confused.
You feel invigorated. The hound bites you.
* * * LOW HITPOINT WARNING * * *
The orc hits you with a +4 whip.
* * * LOW HITPOINT WARNING * * *
The gnoll hits you with a +0 flail!
You die...

......................
........(..........©..
.............#########
.............# Z......
......)......# ......
.........gg..# .##...
.......Ogg...# ...
......ohg....# ..
.......@.....# .. ..
.............#..# ..#
.............#..# ...8
.............#..##...##.
.............#.........!
.............#....$[$...
.............###########
...................©....
........................


You could see an ogre, a gnoll sergeant, a hound, 4 gnolls and an orc.

Vanquished Creatures
  4 adders (D:2)
  3 dart slugs
  4 orcs (D:3)
  9 bats
  9 endoplasms
  5 giant cockroaches
  4 goblins
  7 hobgoblins
  7 jackals (D:1)
  4 quokkas
  8 ball pythons
  2 frilled lizards
  5 kobolds
  2 rats
73 creatures vanquished.

Notes
Turn   | Place    | Note
-------+----------+-------------------------------------------
     0 | D:1      | Edyrem the Hill Orc Monk began the quest for the Orb.
     0 | D:1      | Reached XP level 1. HP: 19/19 MP: 1/1
    96 | D:1      | Reached XP level 2. HP: 27/27 MP: 2/2
   331 | D:1      | Reached skill level 1 in Armour
   351 | D:1      | Reached XP level 3. HP: 31/33 MP: 3/3
  1085 | D:2      | Reached XP level 4. HP: 37/40 MP: 4/4
  1171 | D:2      | Identified the +6 long sword of Destiny {speed, +Blink
                  | rElec Str-2 Int+3}
  1709 | D:3      | Found a faded altar of an unknown god.
  1771 | D:3      | Reached XP level 5. HP: 45/47 MP: 5/5
  2023 | D:3      | Found an iron altar of Okawaru.
  2024 | D:3      | Found a sparkling altar of Nemelex Xobeh.
  2026 | D:3      | Found a shadowy altar of Dithmenos.
  2096 | D:3      | Found a sacrificial altar of Ru.
  2357 | D:4      | Found a transporter.
  2361 | D:4      | Noticed PerfectTommy's ghost (amateur MiBr)
  2376 | D:4      | Noticed an ogre
  2386 | D:4      | Slain by a gnoll

Illustrated notes

Levels and vault maps discovered:
D:1:      wander_arrival_peaceful_grave, layout_basic
D:2:      kennysheep_big_flooded_room, layout_loops_cross, minmay_joined_circles
D:3:      layout_loops_ring, chequers_temple_overflow_statue_of_worship,
          nicolae_ru_the_path_less_chosen,
          shapermc_ecumenical_altar_mp_vishouse, serial_glass, glass_columns_c,
          glass_columns_c, glass_columns_b, glass_columns_b, glass_columns_c,
          glass_columns_a
D:4:      layout_layer_cave, general_overflow_altar, gammafunk_ghost_mausoleum,
          serial_bayou_pond_e, minmay_misc_feat_pillars, uniq_menkaure

Skill      XL: |  1  2  3  4  5 |
---------------+----------------+-----
Armour         | 1 2 |  2.0
Fighting       | 4 |  4.4
Dodging        | 3 |  3.4
Axes           | |  4.9

Action                     |  1- 3 |  4- 6 || total
---------------------------+-------+-------++-------
  Melee: Hand axe          |   101 |    47 ||   148
         Long sword        |       |    47 ||    47
    Use: Potion            |       |     1 ||     1
 Armour: Robe              |    16 |       ||    16
         Leather armour    |     5 |    15 ||    20
         Ring mail         |       |     7 ||     7
         Chain mail        |       |    17 ||    17
  Dodge: Dodged            |    88 |    46 ||   134

Table legend: (Time is in decaauts)
 A = Elapsed time spent in this place.
 B = Non-inter-level travel time spent in this place.
 C = Inter-level travel time spent in this place.
 D = Time resting spent in this place.
 E = Time spent auto-exploring this place.
 F = Levels seen in this place.
 G = Mean time per level.
                   A        B        C        D        E       F      G
               +--------+--------+--------+--------+--------+-----+--------+
         Total |   2393 |   2278 |    115 |     75 |   1662 |   4 |  598.2 |
       Dungeon |   2393 |   2278 |    115 |     75 |   1662 |   4 |  598.2 |
               +--------+--------+--------+--------+--------+-----+--------+

Top non-repeatable levels by time:
     D:2: 849 daAuts
     D:1: 724 daAuts
     D:3: 712 daAuts
     D:4: 107 daAuts
